 Dungeon Crawl Stone Soup version 0.31-a0-460-g9e667d4245 (webtiles) character file.

Game seed: 8406231510289190052

9340 Lorrdernie the Grappler (level 11, -4/91 (92) HPs)
             Began as a Troll Gladiator on Aug 5, 2023.
             Slain by a kobold brigand
             ... wielding a +2 short sword of venom
              (5 damage)
             ... on level 9 of the Dungeon.
             The game lasted 00:14:19 (6896 turns).

Lorrdernie the Grappler (Troll Gladiator)           Turns: 6896, Time: 00:14:20

HP:   -4/91 (92)    AC:  7    Str: 24    XL:     11   Next: 21%
MP:   10/10         EV: 12    Int:  8    God:
Gold: 544           SH:  0    Dex: 11    Spells: 10/10 levels left

rFire   . .          .
                       - Unarmed
rCold   + . .        (no shield)
rNeg    . . .        n - +0 steam dragon scales
rPois   .            b - +0 hat
rElec   .            (no cloak)
rCorr   .            (gloves unavailable)
SInv    +            (boots unavailable)
Will    .....        (no amulet)
Stlth   +            y - ring of Doaxteby {rC+ Slay+2 SInv}
HPRegen 1.15/turn    (no ring)
MPRegen 0.12/turn

%: no passive effects
@: lethally poisoned (-4 -> -12), lightly drained
A: large, unfitting armour, claws 3, regeneration 1, shaggy fur 1, tough skin 1
a: no special abilities


You were on level 9 of the Dungeon.
You visited 2 branches of the dungeon, and saw 10 of its levels.

You collected 661 gold pieces.
You spent 117 gold pieces at shops.

Inventory:

Missiles
 c - 4 throwing nets
 d - 11 large rocks (quivered)
 e - 13 poisoned darts
 t - 9 boomerangs
Armour
 a - a +0 robe
 b - a +0 hat (worn)
 n - +0 steam dragon scales (worn)
 w - a +2 robe of willpower
Jewellery
 y - the ring of Doaxteby (left claw) {rC+ Slay+2 SInv}
   (You found it on level 4 of the Dungeon)

   [ring of protection from cold]

   Slay:      It affects your accuracy & damage with ranged weapons and melee
   (+2).
   rC:        It protects you from cold.
   SInv:      It lets you see invisible.
 C - an amulet of the acrobat
Talismans
 E - a serpent talisman
Wands
 r - a wand of polymorph (9)
 B - a wand of iceblast (11)
Scrolls
 f - 2 scrolls of summoning
 g - a scroll of teleportation
 k - a scroll of immolation
 p - 3 scrolls of identify
 q - a scroll of amnesia
 A - 2 scrolls of vulnerability
 D - a scroll of enchant weapon
Potions
 h - 2 potions of mutation
 i - 3 potions of haste {unknown}
 j - 4 potions of curing
 l - 3 potions of lignification
 m - a potion of berserk rage {unknown}
 o - a potion of might {unknown}
 s - 2 potions of heal wounds
 u - a potion of invisibility {unknown}
 v - a potion of resistance {unknown}
 x - a potion of magic {unknown}
 z - 2 potions of attraction {unknown}


   Skills:
 - Level 1.5 Fighting
 + Level 5.9 Throwing
 + Level 7.0 Dodging
 * Level 14.6 Unarmed Combat
 + Level 0.8 Shapeshifting


You had 10 spell levels left.
You didn't know any spells.
Your spell library contained the following spells:

 Spells                   Type           Power      Damage    Failure   Level
 Kiss of Death            Conj/Necr      0%         2d5       41%         1
 Sandblast                Erth           0%         2d4       41%         1
 Passwall                 Tmut/Erth      0%         N/A       54%         2
 Confusing Touch          Hex            0%         N/A       78%         3
 Stone Arrow              Conj/Erth      0%         3d7       78%         3
 Dispel Undead            Necr           0%         3d6       99%         4


Dungeon Overview and Level Annotations

Branches:
Dungeon (9/15)             Temple (1/1) D:6
   Lair: D:8-11         Orc: D:9-12

Altars:
Elyvilon
Gozag
Kikubaaqudgha
Makhleb
Nemelex Xobeh
Qazlal
Sif Muna
Trog
Vehumet
Xom
Yredelemnul
The Shining One

Shops:
D:3 :!:[


Innate Abilities, Weirdness & Mutations

You are too large for most types of armour.
You have claws for hands.
Your natural rate of healing is unusually fast.
You are covered in fur. (AC +1)
You have tough skin. (AC +1)


Message History

You feel sick. The kobold closely misses you. The wight misses you.
The kobold attacks as you move away! The kobold closely misses you.
You feel sick. The kobold hits you but does no damage.
You feel sick.
You are no longer poisoned.
The kobold hits you but does no damage. The kobold brigand barely misses you.
The kobold brigand attacks as you move away!
The kobold brigand hits you with a +2 short sword of venom!
You are poisoned.
The kobold attacks as you move away! The kobold barely misses you.
You feel very sick.
You feel very sick.
Found a stone staircase leading up.
You feel very sick.
You feel sick.
The kobold brigand throws a poisoned dart.
The poisoned dart hits you!
You are more poisoned.
You feel very sick.
You feel very sick.
You scratch the kobold brigand but do no damage.
You feel sick.
You scratch the kobold brigand.
The kobold brigand is moderately wounded.
You feel sick.
You scratch the kobold.
You kill the kobold!
You feel sick.
The kobold brigand hits you with a +2 short sword of venom.
* * * LOW HITPOINT WARNING * * *
You are lethally poisoned!
You claw the kobold brigand!
The kobold brigand is heavily wounded.
* * * LOW HITPOINT WARNING * * *
You feel very sick. The kobold hits you with a +0 whip.
* * * LOW HITPOINT WARNING * * *
The kobold brigand hits you with a +2 short sword of venom.
You die...

##. ##.. #..
##...##... . .....#..
.. #..... ... #....##
##### ....
#...z.######.#.#.....
##.......##..KK.......
#.....K.zK...#@...###
#......##.K###.....#
##...K.##...####.<.#
#.......K...# .#....
#............# # ...
##....###....# ..
##..## ...... . ...#
....... ...#


You could see a kobold brigand and a kobold.

Vanquished Creatures
  2 two-headed ogres (D:8)
  Amaemon (D:8)
  2 cyclopes (D:8)
  An orange demon (D:8)
  Joseph (D:8)
  Maggie (D:8)
  A hornet (D:8)
  Sigmund (D:4)
  2 shadows (D:8)
  3 wyverns
  2 steam dragons
  5 water moccasins
  Duvessa (D:4)
  4 sky beasts
  3 orc warriors
  2 black bears
  4 ice beasts
  2 phantoms
  5 centaurs
  3 kobold brigands
  4 bullfrogs
  2 scorpions (D:5)
  3 wights (D:8)
  Dowan (D:4)
  8 killer bees
  3 howler monkeys
  2 hounds
  A jelly (D:7)
  A gnoll bouda (D:8)
  6 orc priests
  3 sleepcaps
  An iguana (D:4)
  6 orc wizards
  Robin (D:3)
  4 gnolls (D:6)
  7 adders
  11 river rats (D:6)
  2 white imps (D:8)
  2 ufetubi
  4 worms
  6 dart slugs
  42 orcs
  2 bats
  5 endoplasms
  2 giant cockroaches
  11 goblins
  9 hobgoblins
  4 jackals (D:2)
  12 quokkas
  4 ball pythons
  4 frilled lizards
  20 kobolds
  29 rats
268 creatures vanquished.

Notes
Turn   | Place    | Note
-------+----------+-------------------------------------------
     0 | D:1      | Lorrdernie the Troll Gladiator began the quest for the Orb.
     0 | D:1      | Reached XP level 1. HP: 19/19 MP: 0/0
   155 | D:1      | Reached XP level 2. HP: 27/27 MP: 1/1
   474 | D:1      | Reached skill level 4 in Unarmed Combat
   767 | D:2      | Reached XP level 3. HP: 33/33 MP: 2/2
  1065 | D:2      | Found a faded altar of an unknown god.
  1140 | D:2      | Identified the +11 dagger of Won Gibrysm {heavy, rElec
                  | rPois Will-}
  1374 | D:3      | Noticed Robin
  1444 | D:3      | Found Ufuih's Book Shoppe.
  1448 | D:3      | Reached skill level 5 in Unarmed Combat
  1448 | D:3      | Reached XP level 4. HP: 41/41 MP: 3/3
  1537 | D:3      | Killed Robin
  1538 | D:3      | Reached XP level 5. HP: 44/48 MP: 4/4
  1600 | D:3      | Found Vuock's Book Shoppe.
  1615 | D:3      | Reached skill level 6 in Unarmed Combat
  1808 | D:3      | Found Joat's Distillery.
  1813 | D:3      | Bought a potion of heal wounds for 65 gold pieces
  1813 | D:3      | Bought a potion of lignification for 39 gold pieces
  1813 | D:3      | Bought a potion of degeneration for 13 gold pieces
  1843 | D:3      | Found Fuihegh's Antique Armour Shoppe.
  2021 | D:4      | Reached XP level 6. HP: 55/55 MP: 5/5
  2123 | D:4      | Reached skill level 7 in Unarmed Combat
  2159 | D:4      | Noticed Dowan
  2197 | D:4      | Killed Dowan
  2248 | D:4      | Noticed Duvessa
  2255 | D:4      | Killed Duvessa
  2265 | D:4      | Noticed Sigmund
  2278 | D:4      | Killed Sigmund
  2279 | D:4      | Reached skill level 8 in Unarmed Combat
  2279 | D:4      | Reached XP level 7. HP: 15/62 MP: 6/6
  2370 | D:4      | Found a stormy altar of Qazlal.
  2432 | D:4      | Identified the ring of Doaxteby {rC+ Slay+2 SInv}
  2560 | D:4      | Found a glowing golden altar of the Shining One.
  2613 | D:4      | Reached skill level 9 in Unarmed Combat
  3262 | D:5      | Entered Level 5 of the Dungeon
  3311 | D:5      | Reached XP level 8. HP: 60/70 MP: 7/7
  3584 | D:5      | Reached skill level 10 in Unarmed Combat
  4321 | D:6      | Reached skill level 11 in Unarmed Combat
  4473 | D:6      | Identified the +0 long sword "Concordance" {flame, rC+}
  4580 | D:6      | Found a staircase to the Ecumenical Temple.
  4814 | D:6      | Reached XP level 9. HP: 26/76 MP: 8/8
  5290 | D:7      | Reached skill level 12 in Unarmed Combat
  5315 | Temple   | Entered the Ecumenical Temple
  5553 | D:7      | Found a burning altar of Makhleb.
  5618 | D:7      | Found a sparkling altar of Nemelex Xobeh.
  5730 | D:8      | Reached skill level 5 in Dodging
  5814 | D:8      | Noticed Maggie
  5822 | D:8      | Killed Maggie
  5887 | D:8      | Reached XP level 10. HP: 29/85 MP: 9/9
  5910 | D:8      | Reached skill level 13 in Unarmed Combat
  5999 | D:8      | Noticed a two-headed ogre
  6008 | D:8      | Noticed Amaemon
  6019 | D:8      | Killed a two-headed ogre
  6022 | D:8      | Noticed an orange demon
  6028 | D:8      | Killed Amaemon
  6031 | D:8      | Noticed a cyclops
  6053 | D:8      | Killed a cyclops
  6054 | D:8      | Reached skill level 5 in Throwing
  6061 | D:8      | Killed an orange demon
  6062 | D:8      | Reached skill level 14 in Unarmed Combat
  6175 | D:8      | Noticed Joseph
  6200 | D:8      | Killed Joseph
  6298 | D:8      | Noticed a cyclops
  6303 | D:8      | Killed a cyclops
  6304 | D:8      | Reached XP level 11. HP: 78/92 MP: 10/10
  6329 | D:8      | Noticed a two-headed ogre
  6335 | D:8      | Killed a two-headed ogre
  6877 | D:9      | Noticed a two-headed ogre
  6896 | D:9      | HP: 1/91 [kobold/+0 whip (4)]
  6896 | D:9      | Slain by a kobold brigand

Illustrated notes

Levels and vault maps discovered:
D:1:      saegor_arrival_simple_e, layout_loops_cross
D:2:      layout_loops_cross, dreamdust_ecumenical_altar_angels_and_demons
D:3:      layout_rooms, serial_shops, shop, shop, shop, shop,
          kennysheep_orc_chapel, uniq_robin
D:4:      layout_basic, mainiacjoe_overflow_alcove_4,
          nicolae_overflow_hidden_temple, chequers_serial_rivers_marsh,
          uniq_duvessa, uniq_sigmund
D:5:      layout_loops_ring
D:6:      lemuel_ratsnest, layout_basic, temple_statues, lexackson_kobold_supper
D:7:      layout_cave_pools, marbit_many_paths, mainiacjoe_overflow_catwalk,
          minmay_misc_feat_tiny
D:8:      cheibrodos_ideogram_h, layout_cave_pools, uniq_joseph, uniq_maggie,
          uniq_amaemon
D:9:      hangedman_cross_stitches, layout_cave_pools,
          mainiacjoe_overflow_alcove_2, minmay_statue_bubble
Temple:   nicolae_temple_superstar

Skill      XL: |  1  2  3  4  5  6  7  8  9 10 11 |
---------------+----------------------------------+-----
Unarmed Combat | 4 5 6 8 9 11 12 14 | 14.6
Dodging        | 4 5 6 7 |  7.0
Throwing       | 3 5 |  5.9
Fighting       | |  1.5
Shapeshifting  | |  0.8

Action                     |  1- 3 |  4- 6 |  7- 9 | 10-12 || total
---------------------------+-------+-------+-------+-------++-------
  Melee: Unarmed           |   100 |   146 |   272 |   148 ||   666
         Punch             |     1 |     2 |    12 |     9 ||    24
  Throw: Boomerang         |       |       |       |     7 ||     7
         Large rock        |       |       |       |     4 ||     4
         Throwing net      |       |       |       |     2 ||     2
    Use: Scroll            |       |       |    10 |     1 ||    11
         Potion            |       |       |       |     4 ||     4
   Stab: Sleeping          |     4 |       |       |       ||     4
 Armour: Robe              |    37 |    36 |    77 |       ||   150
         Steam dragon scal |       |       |     5 |    55 ||    60
         Skin              |       |       |       |    40 ||    40
  Dodge: Dodged            |    41 |    72 |   105 |   106 ||   324

Table legend: (Time is in decaauts)
 A = Elapsed time spent in this place.
 B = Non-inter-level travel time spent in this place.
 C = Inter-level travel time spent in this place.
 D = Time resting spent in this place.
 E = Time spent auto-exploring this place.
 F = Levels seen in this place.
 G = Mean time per level.
                   A        B        C        D        E       F      G
               +--------+--------+--------+--------+--------+-----+--------+
         Total |   6784 |   6470 |    314 |    461 |   4604 |  10 |  678.4 |
       Dungeon |   6782 |   6468 |    314 |    461 |   4604 |   9 |  753.6 |
        Temple |      1 |      1 |      0 |      0 |      0 |   1 |    1.0 |
               +--------+--------+--------+--------+--------+-----+--------+

Top non-repeatable levels by time:
     D:4: 1284 daAuts
     D:6: 1009 daAuts
     D:8: 998 daAuts
     D:5: 886 daAuts
     D:1: 747 daAuts
     D:2: 662 daAuts
     D:7: 592 daAuts
     D:3: 538 daAuts
     D:9: 61 daAuts
  Temple: 1 daAuts
